Canadiens vs Devils
(R1)
Created - April 22, 2019 at 23:11
Goals
|
| Canadiens |
0 |
5 |
0 |
5 |
| Devils |
0 |
1 |
1 |
2 |
|
Shots
|
| Canadiens |
5 |
20 |
11 |
36 |
| Devils |
12 |
9 |
10 |
31 |
|
1st period
No Goal
Penalties :
Colton Parayko (Mon) for Interference (Minor) at 1:04, Ryan Whitney (NJD) for Hooking (Minor) at 13:11, Shaone Morrisonn (Mon) for Hooking (Minor) at 16:25
2nd period
1. Devils , Kellan Lain 12 (Sami Lepisto 6, Gilbert Brule 37) at 3:34
2. Canadiens , Pierre-Marc Bouchard 24 (Mark Stuart 15, Viktor Stalberg 25) at 8:12
3. Canadiens , Frans Nielsen 31 (Greg Stewart 37) at 9:11
4. Canadiens , Greg Stewart 33 (Frans Nielsen 48) at 11:59
5. Canadiens , Brett Maclean 9 (David Jones 19, Dustin Boyd 24) at 13:38
6. Canadiens , Pierre-Marc Bouchard 25 (Evgeny Dadonov 36, Andrew Alberts 22) at 18:18
Penalties :
Sami Lepisto (NJD) for Interference (Minor) at 1:03
3rd period
7. Devils , Travis Hamonic 4 (Gilbert Brule 38, Viktor Arvidsson 32) at 15:02 (PP)
Penalties :
Steve Downie (Mon) for High sticking (Minor) at 4:09, Charles Hudon (Mon) for Holding Stick (Minor) at 13:51, Gilbert Brule (NJD) for Hooking (Minor) at 15:40
Goalie Stats
Allen York (Mon), 29 saves from 31 shots - (0.935), W, 10-1-2, 60:00 minutes
Malcolm Subban (NJD), 15 saves from 19 shots - (0.789), L, 0-1-1, 33:38 minutes
Keith Kinkaid (NJD), 16 saves from 17 shots - (0.941), 26:22 minutes
Players Stats for Canadiens
Player Name G A P +/- PIM S H SB GA TA FO MP PP MP PK MP
------------------------------------------------------------------------------------
Andrew Alberts 0 1 1 1 0 2 0 0 1 3 0/0 21:35 0:00 5:40
Brett Maclean 1 0 1 1 0 1 0 0 1 0 0/1 10:47 0:00 1:28
Charles Hudon 0 0 0 -1 2 1 0 0 0 0 0/0 8:31 0:00 0:54
Colton Parayko 0 0 0 1 2 0 1 3 0 1 0/0 21:31 2:23 1:27
David Jones 0 1 1 1 0 0 1 1 0 0 0/0 9:11 0:00 0:00
Dustin Boyd 0 1 1 1 0 0 0 0 0 2 0/2 11:44 0:00 2:22
Enver Lisin 0 0 0 -1 0 4 0 0 0 0 0/0 7:38 0:00 0:00
Evgeny Dadonov 0 1 1 2 0 1 0 0 1 2 2/2 15:30 2:53 0:00
Frans Nielsen 1 1 2 2 0 3 0 1 0 0 13/25 20:13 3:04 0:00
Greg Stewart 1 1 2 2 0 4 0 0 1 0 1/2 21:08 2:53 1:05
Mark Stuart 0 1 1 3 0 3 2 2 0 0 0/0 24:53 2:23 3:35
Pierre-Marc Bouchard 2 0 2 2 0 6 3 0 0 0 10/15 15:30 2:53 0:00
Raphael Diaz 0 0 0 3 0 1 2 0 0 4 0/0 24:12 3:34 0:00
Shaone Morrisonn 0 0 0 0 2 1 1 0 0 0 0/0 14:17 0:00 3:34
Steve Downie 0 0 0 2 2 2 2 1 0 0 0/0 24:05 3:04 3:41
Tomas Plekanec 0 0 0 -1 0 3 0 0 0 0 7/15 12:33 0:00 4:46
Viktor Stalberg 0 1 1 2 0 2 1 0 1 0 1/1 15:43 3:04 0:00
Vitaly Vishnevsky 0 0 0 0 0 2 1 0 0 0 0/0 13:47 3:34 0:00
Players Stats for Devils
Player Name G A P +/- PIM S H SB GA TA FO MP PP MP PK MP
------------------------------------------------------------------------------------
Alexander Perezhogin 0 0 0 0 0 0 1 0 0 1 0/0 7:29 0:08 0:00
Anthony Stewart 0 0 0 0 0 2 1 0 0 0 2/2 11:53 0:00 1:19
Artemi Panarin 0 0 0 -2 0 2 3 0 0 0 1/1 21:59 3:59 2:27
Brandon Bollig 0 0 0 0 0 0 0 1 0 0 0/0 7:19 0:00 0:00
Darroll Powe 0 0 0 0 0 3 0 1 0 0 0/3 13:15 0:00 2:14
Dmitry Kulikov 0 0 0 -2 0 2 0 1 0 0 0/0 17:19 0:00 3:36
Gilbert Brule 0 2 2 -2 2 1 0 2 0 0 10/21 19:34 4:07 2:21
Jaden Schwartz 0 0 0 -3 0 2 1 0 1 0 0/0 15:56 3:01 0:00
Kellan Lain 1 0 1 1 0 3 2 1 3 0 0/1 14:40 0:08 3:24
Phil Kessel 0 0 0 -3 0 3 3 0 3 0 1/1 15:42 3:01 0:00
Ryan Whitney 0 0 0 -1 2 0 0 2 0 0 0/0 12:35 0:00 0:00
Sami Lepisto 0 1 1 0 2 1 0 0 0 0 0/0 17:19 4:29 0:00
Sidney Crosby 0 0 0 -2 0 3 1 1 0 0 12/29 18:39 3:01 0:09
Tobias Enstrom 0 0 0 -1 0 1 0 1 0 1 0/0 21:14 2:39 2:21
Travis Hamonic 1 0 1 -2 0 3 2 2 1 0 0/0 26:48 2:39 3:36
Tyler Bozak 0 0 0 0 0 0 2 1 0 0 1/3 7:19 0:00 0:00
Tyler Cuma 0 0 0 -1 0 2 2 2 1 1 0/0 25:41 4:29 2:21
Viktor Arvidsson 0 1 1 -2 0 3 3 0 3 2 2/2 19:19 3:59 0:00
3 Stars
1 - Pierre-Marc Bouchard (Mon)
2 - Frans Nielsen (Mon)
3 - Greg Stewart (Mon)
Power Play
Canadiens - 0 on 3 Attempt(s) - 0.00%
Devils - 1 on 4 Attempt(s) - 25.00%
Penalty Kill
Canadiens - 3 on 4 Attempt(s) - 75.00%
- Score 0 goal in Penalty Kill
Devils - 3 on 3 Attempt(s) - 100.00%
- Score 0 goal in Penalty Kill
Team Stat
Canadiens - Hits : 14 - Faceoff Wins : 34 - Blocked Shots : 8 - Penalty Minutes : 8
Devils - Hits : 21 - Faceoff Wins : 29 - Blocked Shots : 15 - Penalty Minutes : 6
Official
Referees : Unknown
Linesman : Unknown
Game Notes
Keith Kinkaid enters game at 13:38 of 2nd period
Finance
Level 1 -- Attendance: 5873 (97.88%) -- Ticket Income $528,570
Level 2 -- Attendance: 4582 (91.64%) -- Ticket Income $252,010
Level 3 -- Attendance: 1904 (95.20%) -- Ticket Income $68,544
Level 4 -- Attendance: 3534 (88.35%) -- Ticket Income $88,350
Luxury Box -- Attendance: 1000 (100.00%) -- Ticket Income $155,000
Game was played at the The prudential Center.
Total Attendance: 16893 (93.85%)
Total Ticket Income: $1,092,474
Other Income: $163,871
Total Income: $1,256,345
Canadiens
5 vs 5 Forward
Center Left Wing Right Wing Time % Phy DF OF
1 Frans Nielsen Greg Stewart Steve Downie 40 0 1 4
2 Pierre-Marc Bouchard Viktor Stalberg Evgeny Dadonov 30 0 1 4
3 Dustin Boyd Brett Maclean David Jones 20 0 2 3
4 Tomas Plekanec Charles Hudon Enver Lisin 10 0 3 2
5 vs 5 Defense
Defense Defense Time % Phy DF OF
1 Mark Stuart Raphael Diaz 40 0 2 3
2 Andrew Alberts Colton Parayko 30 0 2 3
3 Vitaly Vishnevsky Shaone Morrisonn 20 0 3 2
4 Colton Parayko Raphael Diaz 10 0 3 2
PowerPlay Forward
Center Left Wing Right Wing Time % Phy DF OF
1 Frans Nielsen Viktor Stalberg Steve Downie 60 0 0 5
2 Pierre-Marc Bouchard Greg Stewart Evgeny Dadonov 40 0 0 5
PowerPlay Defense
Defense Defense Time % Phy DF OF
1 Raphael Diaz Vitaly Vishnevsky 60 0 1 4
2 Colton Parayko Mark Stuart 40 0 1 4
Penalty Kill 4 Players Forward
Center Wing Time % Phy DF OF
1 Tomas Plekanec Steve Downie 60 0 5 0
2 Dustin Boyd Brett Maclean 40 0 5 0
Penalty Kill 4 Players Defense
Defense Defense Time % Phy DF OF
1 Shaone Morrisonn Andrew Alberts 60 1 4 0
2 Colton Parayko Mark Stuart 40 1 4 0
Penalty Kill - 3 Players Forward
Forward Time % Phy DF OF
1 Tomas Plekanec 60 0 5 0
2 Dustin Boyd 40 0 5 0
Penalty Kill - 3 Players Defense
Defense Defense Time % Phy DF OF
1 Shaone Morrisonn Andrew Alberts 60 0 5 0
2 Mark Stuart Vitaly Vishnevsky 40 0 5 0
4 vs 4 Forward
Center Wing Time % Phy DF OF
1 Pierre-Marc Bouchard Greg Stewart 60 0 2 3
2 Frans Nielsen Brett Maclean 40 0 2 3
4 vs 4 Defense
Defense Defense Time % Phy DF OF
1 Vitaly Vishnevsky Mark Stuart 60 0 2 3
2 Colton Parayko Raphael Diaz 40 0 2 3
Last Minutes Offensive
Center Left Wing Right Wing Defense Defense
Frans Nielsen Greg Stewart Evgeny Dadonov Vitaly Vishnevsky Raphael Diaz
Last Minutes Defensive
Center Left Wing Right Wing Defense Defense
Tomas Plekanec Viktor Stalberg Steve Downie Shaone Morrisonn Colton Parayko
Goaltenders
Starting : Allen York
Backup : Henrik Lundqvist
Extra Forwards
Normal : Pierre-Marc Bouchard, Frans Nielsen, Greg Stewart - PP : Greg Stewart, Frans Nielsen - PK : Tomas Plekanec
Extra Defensemen
Normal : Vitaly Vishnevsky, Raphael Diaz, Shaone Morrisonn - PP : Vitaly Vishnevsky - PK : Mark Stuart, Colton Parayko
Penalty Shots
Viktor Stalberg, Frans Nielsen, Greg Stewart, Pierre-Marc Bouchard, Steve Downie
Scratches
Adam Pardy (Healthy), Dustin Kohn (Healthy), Marcel Goc (Healthy), Nikolai Zherdev (Healthy), Scott Hartnell (Sprained Left Ankle Injury)
Wes O'Neill (Healthy)
Devils
5 vs 5 Forward
Center Left Wing Right Wing Time % Phy DF OF
1 Sidney Crosby Artemi Panarin Viktor Arvidsson 40 1 2 2
2 Gilbert Brule Jaden Schwartz Phil Kessel 30 1 2 2
3 Darroll Powe Kellan Lain Anthony Stewart 20 1 2 2
4 Tyler Bozak Brandon Bollig Alexander Perezhogin 10 1 2 2
5 vs 5 Defense
Defense Defense Time % Phy DF OF
1 Travis Hamonic Tyler Cuma 40 1 2 2
2 Dmitry Kulikov Tobias Enstrom 30 1 2 2
3 Sami Lepisto Ryan Whitney 20 1 2 2
4 Travis Hamonic Tobias Enstrom 10 1 2 2
PowerPlay Forward
Center Left Wing Right Wing Time % Phy DF OF
1 Gilbert Brule Artemi Panarin Viktor Arvidsson 60 0 2 3
2 Sidney Crosby Jaden Schwartz Phil Kessel 40 0 2 3
PowerPlay Defense
Defense Defense Time % Phy DF OF
1 Tyler Cuma Sami Lepisto 60 1 2 2
2 Travis Hamonic Tobias Enstrom 40 1 2 2
Penalty Kill 4 Players Forward
Center Wing Time % Phy DF OF
1 Gilbert Brule Kellan Lain 60 1 2 2
2 Darroll Powe Artemi Panarin 40 1 2 2
Penalty Kill 4 Players Defense
Defense Defense Time % Phy DF OF
1 Dmitry Kulikov Travis Hamonic 60 1 2 2
2 Tobias Enstrom Tyler Cuma 40 1 2 2
Penalty Kill - 3 Players Forward
Forward Time % Phy DF OF
1 Sidney Crosby 60 1 2 2
2 Darroll Powe 40 1 2 2
Penalty Kill - 3 Players Defense
Defense Defense Time % Phy DF OF
1 Ryan Whitney Travis Hamonic 60 1 2 2
2 Dmitry Kulikov Tobias Enstrom 40 1 2 2
4 vs 4 Forward
Center Wing Time % Phy DF OF
1 Gilbert Brule Phil Kessel 60 1 2 2
2 Sidney Crosby Artemi Panarin 40 1 2 2
4 vs 4 Defense
Defense Defense Time % Phy DF OF
1 Tobias Enstrom Travis Hamonic 60 1 2 2
2 Tyler Cuma Dmitry Kulikov 40 1 2 2
Last Minutes Offensive
Center Left Wing Right Wing Defense Defense
Sidney Crosby Artemi Panarin Phil Kessel Tyler Cuma Tobias Enstrom
Last Minutes Defensive
Center Left Wing Right Wing Defense Defense
Gilbert Brule Jaden Schwartz Kellan Lain Tobias Enstrom Travis Hamonic
Goaltenders
Starting : Malcolm Subban
Backup : Keith Kinkaid
Extra Forwards
Normal : Kellan Lain, Jaden Schwartz, Anthony Stewart - PP : Kellan Lain, Artemi Panarin - PK : Anthony Stewart
Extra Defensemen
Normal : Tobias Enstrom, Ryan Whitney, Tyler Cuma - PP : Tobias Enstrom - PK : Tobias Enstrom, Tyler Cuma
Penalty Shots
Sidney Crosby, Artemi Panarin, Viktor Arvidsson, Phil Kessel, Jaden Schwartz
Scratches
Tyler Weiman (Healthy)
% Time on Ice - Canadiens
Lines # - Real PCT - Wanted PCT - Time Play
Normal Forward
1 - 37% - 40% - 17:21
2 - 27% - 30% - 12:45
3 - 20% - 20% - 9:11
4 - 16% - 10% - 7:38
Normal Defense
1 - 41% - 40% - 19:07
2 - 32% - 30% - 14:57
3 - 22% - 20% - 10:06
4 - 6% - 10% - 2:45
PP Forward
1 - 52% - 60% - 3:04
2 - 48% - 40% - 2:53
PP Defense
1 - 60% - 60% - 3:34
2 - 40% - 40% - 2:23
PK Forward
1 - 79% - 60% - 5:40
2 - 21% - 40% - 1:28
PK Defense
1 - 72% - 60% - 5:07
2 - 28% - 40% - 2:01
PK3 Forward
1 - 0% - 60%
2 - 0% - 40%
PK3 Defense
1 - 0% - 60%
2 - 0% - 40%
44 Forward
1 - 0% - 60%
2 - 0% - 40%
44 Defense
1 - 0% - 60%
2 - 0% - 40%
Last Minute Offensive - 0:00
Last Minute Defensive - 0:00
Total
Forward - 60:00
Defense - 60:00
|
% Time on Ice - Devils
Lines # - Real PCT - Wanted PCT - Time Play
Normal Forward
1 - 34% - 40% - 15:55
2 - 28% - 30% - 13:07
3 - 23% - 20% - 10:34
4 - 16% - 10% - 7:19
Normal Defense
1 - 40% - 40% - 18:44
2 - 31% - 30% - 14:19
3 - 26% - 20% - 12:10
4 - 4% - 10% - 1:42
PP Forward
1 - 58% - 60% - 4:07
2 - 42% - 40% - 3:01
PP Defense
1 - 63% - 60% - 4:29
2 - 37% - 40% - 2:39
PK Forward
1 - 78% - 60% - 4:38
2 - 22% - 40% - 1:19
PK Defense
1 - 61% - 60% - 3:36
2 - 39% - 40% - 2:21
PK3 Forward
1 - 0% - 60%
2 - 0% - 40%
PK3 Defense
1 - 0% - 60%
2 - 0% - 40%
44 Forward
1 - 0% - 60%
2 - 0% - 40%
44 Defense
1 - 0% - 60%
2 - 0% - 40%
Last Minute Offensive - 0:00
Last Minute Defensive - 0:00
Total
Forward - 60:00
Defense - 60:00
|
Play-by-Play
1st period
0:01 of 1st period - Sidney Crosby wins face-off versus Frans Nielsen in neutral zone.
0:28 of 1st period - Wrist shot by Phil Kessel.
0:28 of 1st period - Stopped by Allen York with a rebound.
0:36 of 1st period - Snap shot by Evgeny Dadonov.
0:36 of 1st period - Shot Misses the Net.
1:04 of 1st period - Minor Penalty to Colton Parayko for Interference.
1:05 of 1st period - Tomas Plekanec wins face-off versus Gilbert Brule in Canadiens zone.
1:42 of 1st period - Off-side.
1:43 of 1st period - Viktor Arvidsson wins face-off versus Tomas Plekanec in neutral zone.
1:48 of 1st period - Snap shot by Artemi Panarin.
1:48 of 1st period - Stopped by Allen York with a rebound.
1:50 of 1st period - Slapshot by Tyler Cuma.
1:50 of 1st period - Stopped by Allen York without a rebound.
1:51 of 1st period - Tomas Plekanec wins face-off versus Gilbert Brule in Canadiens zone.
2:26 of 1st period - Snap shot by Sidney Crosby.
2:26 of 1st period - Shot Misses the Net.
3:04 of 1st period - Penalty to Colton Parayko is over, Colton Parayko is back on ice.
3:11 of 1st period - Off-side.
3:12 of 1st period - Pierre-Marc Bouchard wins face-off versus Darroll Powe in neutral zone.
3:25 of 1st period - Sami Lepisto is hit by Pierre-Marc Bouchard and loses puck.
3:50 of 1st period - Dustin Boyd is hit by Travis Hamonic and loses puck.
4:05 of 1st period - Backhand shot by Dmitry Kulikov.
4:05 of 1st period - Deflect By Darroll Powe.
4:05 of 1st period - Shot Misses the Net.
4:05 of 1st period - Puck is out of play.
4:06 of 1st period - Sidney Crosby wins face-off versus Tomas Plekanec in Canadiens zone.
4:09 of 1st period - Slapshot by Sidney Crosby.
4:09 of 1st period - Stopped by Allen York with a rebound.
4:19 of 1st period - Wrist shot by Tomas Plekanec.
4:19 of 1st period - Shot Blocked by Sidney Crosby.
4:38 of 1st period - Backhand shot by Steve Downie.
4:38 of 1st period - Stopped by Malcolm Subban without a rebound.
4:39 of 1st period - Sidney Crosby wins face-off versus Frans Nielsen in Devils zone.
5:05 of 1st period - Off-side.
5:06 of 1st period - Gilbert Brule wins face-off versus Dustin Boyd in neutral zone.
5:13 of 1st period - Wrist shot by Phil Kessel.
5:13 of 1st period - Stopped by Allen York without a rebound.
5:14 of 1st period - Gilbert Brule wins face-off versus Greg Stewart in Canadiens zone.
5:17 of 1st period - Wrist shot by Gilbert Brule.
5:17 of 1st period - Stopped by Allen York without a rebound.
5:18 of 1st period - Artemi Panarin wins face-off versus Frans Nielsen in Canadiens zone.
5:43 of 1st period - Gilbert Brule is hit by Mark Stuart and loses puck.
6:05 of 1st period - Off-side.
6:06 of 1st period - Tyler Bozak wins face-off versus Brett Maclean in neutral zone.
6:31 of 1st period - Frans Nielsen is hit by Artemi Panarin and loses puck.
7:00 of 1st period - Wrist shot by Phil Kessel.
7:00 of 1st period - Shot Misses the Net.
7:02 of 1st period - Slapshot by Travis Hamonic.
7:02 of 1st period - Stopped by Allen York with a rebound.
9:52 of 1st period - Wrist shot by Evgeny Dadonov.
9:52 of 1st period - Shot Blocked by Ryan Whitney.
10:36 of 1st period - Snap shot by Tyler Bozak.
10:36 of 1st period - Shot Misses the Net.
11:07 of 1st period - Backhand shot by Pierre-Marc Bouchard.
11:07 of 1st period - Shot Misses the Net.
11:23 of 1st period - Alexander Perezhogin is hit by Mark Stuart and loses puck.
11:32 of 1st period - Slapshot by Enver Lisin.
11:32 of 1st period - Shot Misses the Net.
11:34 of 1st period - Slapshot by Mark Stuart.
11:34 of 1st period - Stopped by Malcolm Subban with a rebound.
12:00 of 1st period - Evgeny Dadonov is hit by Anthony Stewart and loses puck.
12:23 of 1st period - Snap shot by Enver Lisin.
12:23 of 1st period - Stopped by Malcolm Subban with a rebound.
12:39 of 1st period - Tobias Enstrom is hit by Steve Downie and loses puck.
12:56 of 1st period - Sami Lepisto is hit by Shaone Morrisonn and loses puck.
13:05 of 1st period - Snap shot by Pierre-Marc Bouchard.
13:05 of 1st period - Shot Misses the Net.
13:11 of 1st period - Minor Penalty to Ryan Whitney for Hooking.
13:12 of 1st period - Frans Nielsen wins face-off versus Gilbert Brule in Devils zone.
13:15 of 1st period - Wrist shot by Steve Downie.
13:15 of 1st period - Shot Blocked by Dmitry Kulikov.
14:16 of 1st period - Icing by Greg Stewart.
14:17 of 1st period - Anthony Stewart wins face-off versus Pierre-Marc Bouchard in Canadiens zone.
15:11 of 1st period - Penalty to Ryan Whitney is over, Ryan Whitney is back on ice.
15:49 of 1st period - Dustin Boyd is hit by Alexander Perezhogin and loses puck.
16:12 of 1st period - Wrist shot by Raphael Diaz.
16:12 of 1st period - Stopped by Malcolm Subban without a rebound.
16:13 of 1st period - Gilbert Brule wins face-off versus Frans Nielsen in Devils zone.
16:25 of 1st period - Minor Penalty to Shaone Morrisonn for Hooking.
16:26 of 1st period - Tomas Plekanec wins face-off versus Gilbert Brule in Canadiens zone.
17:14 of 1st period - Icing by Phil Kessel.
17:15 of 1st period - Phil Kessel wins face-off versus Tomas Plekanec in Devils zone.
17:22 of 1st period - Snap shot by Jaden Schwartz.
17:22 of 1st period - Shot Blocked by Mark Stuart.
17:24 of 1st period - Snap shot by Sidney Crosby.
17:24 of 1st period - Shot Blocked by Colton Parayko.
17:26 of 1st period - Slapshot by Jaden Schwartz.
17:26 of 1st period - Shot Misses the Net.
17:28 of 1st period - Slapshot by Travis Hamonic.
17:28 of 1st period - Stopped by Allen York without a rebound.
17:29 of 1st period - Gilbert Brule wins face-off versus Tomas Plekanec in Canadiens zone.
17:37 of 1st period - Wrist shot by Viktor Arvidsson.
17:37 of 1st period - Stopped by Allen York with a rebound.
17:39 of 1st period - Slapshot by Tyler Cuma.
17:39 of 1st period - Deflect By Viktor Arvidsson.
17:39 of 1st period - Shot Misses the Net.
17:39 of 1st period - Puck is out of play.
17:40 of 1st period - Gilbert Brule wins face-off versus Tomas Plekanec in Canadiens zone.
17:53 of 1st period - Slapshot by Viktor Arvidsson.
17:53 of 1st period - Deflect By Mark Stuart.
17:53 of 1st period - Shot Blocked by Steve Downie.
17:53 of 1st period - Puck is out of play.
17:54 of 1st period - Gilbert Brule wins face-off versus Tomas Plekanec in Canadiens zone.
18:02 of 1st period - Off-side.
18:03 of 1st period - Gilbert Brule wins face-off versus Tomas Plekanec in neutral zone.
18:19 of 1st period - Slapshot by Tyler Cuma.
18:19 of 1st period - Stopped by Allen York without a rebound.
18:20 of 1st period - Sidney Crosby wins face-off versus Tomas Plekanec in Canadiens zone.
18:23 of 1st period - Snap shot by Sidney Crosby.
18:23 of 1st period - Shot Misses the Net.
18:25 of 1st period - Penalty to Shaone Morrisonn is over, Shaone Morrisonn is back on ice.
18:31 of 1st period - Wrist shot by Sidney Crosby.
18:31 of 1st period - Stopped by Allen York with a rebound.
18:33 of 1st period - Snap shot by Phil Kessel.
18:33 of 1st period - Stopped by Allen York without a rebound.
18:34 of 1st period - Frans Nielsen wins face-off versus Sidney Crosby in Canadiens zone.
18:40 of 1st period - Off-side.
18:41 of 1st period - Sidney Crosby wins face-off versus Frans Nielsen in neutral zone.
18:44 of 1st period - Raphael Diaz is hit by Sidney Crosby and loses puck.
19:07 of 1st period - Evgeny Dadonov is hit by Jaden Schwartz and loses puck.
19:14 of 1st period - Slapshot by Mark Stuart.
19:14 of 1st period - Shot Blocked by Tyler Cuma.
19:16 of 1st period - Wrist shot by Evgeny Dadonov.
19:16 of 1st period - Shot Misses the Net.
19:18 of 1st period - Slapshot by Raphael Diaz.
19:18 of 1st period - Shot Blocked by Gilbert Brule.
19:32 of 1st period - Snap shot by Dustin Boyd.
19:32 of 1st period - Shot Misses the Net.
19:34 of 1st period - Slapshot by Colton Parayko.
19:34 of 1st period - Shot Blocked by Tyler Cuma.
19:36 of 1st period - Wrist shot by Andrew Alberts.
19:36 of 1st period - Shot Blocked by Darroll Powe.
19:38 of 1st period - Slapshot by Andrew Alberts.
19:38 of 1st period - Stopped by Malcolm Subban with a rebound.
Goals for this period are 0 for Canadiens vs 0 for Devils.
Shots for this period are 5 for Canadiens vs 12 for Devils.
2nd period
0:01 of 2nd period - Sidney Crosby wins face-off versus Frans Nielsen in neutral zone.
0:26 of 2nd period - Steve Downie is hit by Kellan Lain and loses puck.
1:01 of 2nd period - Snap shot by Viktor Stalberg.
1:01 of 2nd period - Shot Blocked by Gilbert Brule.
1:03 of 2nd period - Minor Penalty to Sami Lepisto for Interference.
1:04 of 2nd period - Pierre-Marc Bouchard wins face-off versus Gilbert Brule in Devils zone.
2:13 of 2nd period - Wrist shot by Darroll Powe.
2:13 of 2nd period - Stopped by Allen York without a rebound.
2:14 of 2nd period - Pierre-Marc Bouchard wins face-off versus Darroll Powe in Canadiens zone.
2:55 of 2nd period - Raphael Diaz is hit by Travis Hamonic and loses puck.
3:03 of 2nd period - Penalty to Sami Lepisto is over, Sami Lepisto is back on ice.
3:32 of 2nd period - Slapshot by Sami Lepisto.
3:32 of 2nd period - Stopped by Allen York with a rebound.
3:34 of 2nd period - Snap shot by Kellan Lain.
3:34 of 2nd period - Goal by Kellan Lain - Canadiens : 0 - Devils : 1.
3:35 of 2nd period - Frans Nielsen wins face-off versus Sidney Crosby in neutral zone.
3:42 of 2nd period - Snap shot by Greg Stewart.
3:42 of 2nd period - Stopped by Malcolm Subban with a rebound.
4:08 of 2nd period - Snap shot by Viktor Stalberg.
4:08 of 2nd period - Stopped by Malcolm Subban with a rebound.
4:10 of 2nd period - Snap shot by Evgeny Dadonov.
4:10 of 2nd period - Shot Blocked by Travis Hamonic.
4:12 of 2nd period - Snap shot by Evgeny Dadonov.
4:12 of 2nd period - Stopped by Malcolm Subban with a rebound.
4:14 of 2nd period - Slapshot by Pierre-Marc Bouchard.
4:14 of 2nd period - Stopped by Malcolm Subban with a rebound.
4:16 of 2nd period - Snap shot by Viktor Stalberg.
4:16 of 2nd period - Stopped by Malcolm Subban with a rebound.
5:37 of 2nd period - Off-side.
5:38 of 2nd period - Greg Stewart wins face-off versus Sidney Crosby in neutral zone.
6:51 of 2nd period - Slapshot by Dmitry Kulikov.
6:51 of 2nd period - Deflect By Enver Lisin.
6:51 of 2nd period - Stopped by Allen York with a rebound.
7:10 of 2nd period - Slapshot by Vitaly Vishnevsky.
7:10 of 2nd period - Shot Blocked by Ryan Whitney.
7:24 of 2nd period - Vitaly Vishnevsky is hit by Phil Kessel and loses puck.
7:39 of 2nd period - Shaone Morrisonn is hit by Phil Kessel and loses puck.
7:56 of 2nd period - Snap shot by Shaone Morrisonn.
7:56 of 2nd period - Stopped by Malcolm Subban without a rebound.
7:57 of 2nd period - Sidney Crosby wins face-off versus Pierre-Marc Bouchard in Devils zone.
8:08 of 2nd period - Snap shot by Viktor Stalberg.
8:08 of 2nd period - Shot Misses the Net.
8:10 of 2nd period - Slapshot by Mark Stuart.
8:10 of 2nd period - Shot Misses the Net.
8:12 of 2nd period - Slapshot by Pierre-Marc Bouchard.
8:12 of 2nd period - Goal by Pierre-Marc Bouchard - Canadiens : 1 - Devils : 1.
8:13 of 2nd period - Pierre-Marc Bouchard wins face-off versus Sidney Crosby in neutral zone.
8:46 of 2nd period - Icing by Frans Nielsen.
8:47 of 2nd period - Frans Nielsen wins face-off versus Gilbert Brule in Canadiens zone.
9:09 of 2nd period - Snap shot by Frans Nielsen.
9:09 of 2nd period - Shot Blocked by Tobias Enstrom.
9:11 of 2nd period - Slapshot by Frans Nielsen.
9:11 of 2nd period - Goal by Frans Nielsen - Canadiens : 2 - Devils : 1.
9:12 of 2nd period - Frans Nielsen wins face-off versus Sidney Crosby in neutral zone.
9:49 of 2nd period - Wrist shot by Gilbert Brule.
9:49 of 2nd period - Shot Misses the Net.
10:28 of 2nd period - Snap shot by Tyler Bozak.
10:28 of 2nd period - Shot Blocked by David Jones.
10:34 of 2nd period - Snap shot by Tobias Enstrom.
10:34 of 2nd period - Deflect By Brandon Bollig.
10:34 of 2nd period - Shot Blocked by Colton Parayko.
10:34 of 2nd period - Puck is out of play.
10:35 of 2nd period - Sidney Crosby wins face-off versus Frans Nielsen in Canadiens zone.
11:10 of 2nd period - Tobias Enstrom is hit by Pierre-Marc Bouchard and loses puck.
11:49 of 2nd period - Wrist shot by Enver Lisin.
11:49 of 2nd period - Stopped by Malcolm Subban with a rebound.
11:51 of 2nd period - Snap shot by Vitaly Vishnevsky.
11:51 of 2nd period - Stopped by Malcolm Subban with a rebound.
11:57 of 2nd period - Snap shot by Tomas Plekanec.
11:57 of 2nd period - Stopped by Malcolm Subban without a rebound.
11:58 of 2nd period - Frans Nielsen wins face-off versus Sidney Crosby in Devils zone.
11:59 of 2nd period - Snap shot by Greg Stewart.
11:59 of 2nd period - Goal by Greg Stewart - Canadiens : 3 - Devils : 1.
12:00 of 2nd period - Viktor Arvidsson wins face-off versus Frans Nielsen in neutral zone.
12:36 of 2nd period - Snap shot by Greg Stewart.
12:36 of 2nd period - Stopped by Malcolm Subban with a rebound.
13:36 of 2nd period - Wrist shot by David Jones.
13:36 of 2nd period - Shot Misses the Net.
13:38 of 2nd period - Slapshot by Brett Maclean.
13:38 of 2nd period - Goal by Brett Maclean - Canadiens : 4 - Devils : 1.
13:38 of 2nd period - Keith Kinkaid enters game.
13:39 of 2nd period - Pierre-Marc Bouchard wins face-off versus Sidney Crosby in neutral zone.
13:42 of 2nd period - Wrist shot by Viktor Stalberg.
13:42 of 2nd period - Shot Hit the Post.
13:44 of 2nd period - Slapshot by Mark Stuart.
13:44 of 2nd period - Stopped by Keith Kinkaid without a rebound.
13:45 of 2nd period - Pierre-Marc Bouchard wins face-off versus Sidney Crosby in Devils zone.
14:23 of 2nd period - Snap shot by Jaden Schwartz.
14:23 of 2nd period - Stopped by Allen York without a rebound.
14:24 of 2nd period - Pierre-Marc Bouchard wins face-off versus Sidney Crosby in Canadiens zone.
14:29 of 2nd period - Viktor Stalberg is hit by Artemi Panarin and loses puck.
15:54 of 2nd period - Snap shot by Pierre-Marc Bouchard.
15:54 of 2nd period - Stopped by Keith Kinkaid with a rebound.
15:56 of 2nd period - Snap shot by Pierre-Marc Bouchard.
15:56 of 2nd period - Stopped by Keith Kinkaid with a rebound.
15:58 of 2nd period - Snap shot by Pierre-Marc Bouchard.
15:58 of 2nd period - Shot Misses the Net.
16:46 of 2nd period - Wrist shot by Anthony Stewart.
16:46 of 2nd period - Shot Misses the Net.
16:48 of 2nd period - Wrist shot by Anthony Stewart.
16:48 of 2nd period - Stopped by Allen York without a rebound.
16:49 of 2nd period - Sidney Crosby wins face-off versus Pierre-Marc Bouchard in Canadiens zone.
17:00 of 2nd period - Snap shot by Sidney Crosby.
17:00 of 2nd period - Shot Misses the Net.
17:14 of 2nd period - Jaden Schwartz is hit by Steve Downie and loses puck.
17:21 of 2nd period - Slapshot by Frans Nielsen.
17:21 of 2nd period - Stopped by Keith Kinkaid without a rebound.
17:22 of 2nd period - Frans Nielsen wins face-off versus Sidney Crosby in Devils zone.
17:23 of 2nd period - Wrist shot by Steve Downie.
17:23 of 2nd period - Stopped by Keith Kinkaid with a rebound.
17:33 of 2nd period - Frans Nielsen is hit by Viktor Arvidsson and loses puck.
17:53 of 2nd period - Raphael Diaz is hit by Artemi Panarin and loses puck.
18:00 of 2nd period - Snap shot by Sidney Crosby.
18:00 of 2nd period - Shot Blocked by Frans Nielsen.
18:02 of 2nd period - Snap shot by Viktor Arvidsson.
18:02 of 2nd period - Stopped by Allen York without a rebound.
18:03 of 2nd period - Evgeny Dadonov wins face-off versus Gilbert Brule in Canadiens zone.
18:18 of 2nd period - Snap shot by Pierre-Marc Bouchard.
18:18 of 2nd period - Goal by Pierre-Marc Bouchard - Canadiens : 5 - Devils : 1.
18:19 of 2nd period - Sidney Crosby wins face-off versus Frans Nielsen in neutral zone.
18:37 of 2nd period - Off-side.
18:38 of 2nd period - Pierre-Marc Bouchard wins face-off versus Gilbert Brule in neutral zone.
19:24 of 2nd period - Snap shot by Kellan Lain.
19:24 of 2nd period - Stopped by Allen York with a rebound.
19:26 of 2nd period - Snap shot by Kellan Lain.
19:26 of 2nd period - Shot Misses the Net.
19:28 of 2nd period - Wrist shot by Tobias Enstrom.
19:28 of 2nd period - Stopped by Allen York with a rebound.
19:30 of 2nd period - Slapshot by Tobias Enstrom.
19:30 of 2nd period - Shot Blocked by Colton Parayko.
Goals for this period are 5 for Canadiens vs 1 for Devils.
Shots for this period are 20 for Canadiens vs 9 for Devils.
3rd period
0:01 of 3rd period - Sidney Crosby wins face-off versus Frans Nielsen in neutral zone.
0:26 of 3rd period - Tobias Enstrom is hit by Raphael Diaz and loses puck.
0:51 of 3rd period - Wrist shot by Dustin Boyd.
0:51 of 3rd period - Shot Misses the Net.
1:46 of 3rd period - Icing by Tyler Cuma.
1:47 of 3rd period - Gilbert Brule wins face-off versus Pierre-Marc Bouchard in Devils zone.
1:47 of 3rd period - Gilbert Brule is hit by Viktor Stalberg.
2:00 of 3rd period - Off-side.
2:01 of 3rd period - Frans Nielsen wins face-off versus Sidney Crosby in neutral zone.
2:03 of 3rd period - Off-side.
2:04 of 3rd period - Sidney Crosby wins face-off versus Frans Nielsen in neutral zone.
2:19 of 3rd period - Wrist shot by Viktor Arvidsson.
2:19 of 3rd period - Stopped by Allen York with a rebound.
2:41 of 3rd period - Slapshot by Jaden Schwartz.
2:41 of 3rd period - Shot Misses the Net.
2:43 of 3rd period - Snap shot by Jaden Schwartz.
2:43 of 3rd period - Stopped by Allen York with a rebound.
3:17 of 3rd period - Slapshot by Enver Lisin.
3:17 of 3rd period - Stopped by Keith Kinkaid without a rebound.
3:18 of 3rd period - Tomas Plekanec wins face-off versus Tyler Bozak in Devils zone.
3:24 of 3rd period - Snap shot by Tomas Plekanec.
3:24 of 3rd period - Shot Misses the Net.
3:26 of 3rd period - Snap shot by Andrew Alberts.
3:26 of 3rd period - Stopped by Keith Kinkaid with a rebound.
3:28 of 3rd period - Slapshot by Andrew Alberts.
3:28 of 3rd period - Deflect By Enver Lisin.
3:28 of 3rd period - Stopped by Keith Kinkaid with a rebound.
3:36 of 3rd period - Snap shot by Tomas Plekanec.
3:36 of 3rd period - Stopped by Keith Kinkaid with a rebound.
3:38 of 3rd period - Slapshot by Andrew Alberts.
3:38 of 3rd period - Shot Blocked by Brandon Bollig.
3:40 of 3rd period - Wrist shot by Charles Hudon.
3:40 of 3rd period - Stopped by Keith Kinkaid without a rebound.
3:41 of 3rd period - Frans Nielsen wins face-off versus Sidney Crosby in Devils zone.
3:52 of 3rd period - Snap shot by Greg Stewart.
3:52 of 3rd period - Stopped by Keith Kinkaid without a rebound.
3:53 of 3rd period - Frans Nielsen wins face-off versus Sidney Crosby in Devils zone.
4:09 of 3rd period - Minor Penalty to Steve Downie for High sticking.
4:10 of 3rd period - Tomas Plekanec wins face-off versus Gilbert Brule in Canadiens zone.
5:50 of 3rd period - Shaone Morrisonn is hit by Phil Kessel.
6:06 of 3rd period - Andrew Alberts is hit by Kellan Lain and loses puck.
6:09 of 3rd period - Penalty to Steve Downie is over, Steve Downie is back on ice.
6:29 of 3rd period - Snap shot by Pierre-Marc Bouchard.
6:29 of 3rd period - Deflect By Tobias Enstrom.
6:29 of 3rd period - Shot Misses the Net.
6:29 of 3rd period - Puck is out of play.
6:30 of 3rd period - Pierre-Marc Bouchard wins face-off versus Tyler Bozak in Devils zone.
7:19 of 3rd period - Dmitry Kulikov is hit by David Jones.
7:50 of 3rd period - Icing by Gilbert Brule.
7:51 of 3rd period - Gilbert Brule wins face-off versus Pierre-Marc Bouchard in Devils zone.
8:19 of 3rd period - Slapshot by Andrew Alberts.
8:19 of 3rd period - Deflect By Pierre-Marc Bouchard.
8:19 of 3rd period - Stopped by Keith Kinkaid without a rebound.
8:20 of 3rd period - Frans Nielsen wins face-off versus Darroll Powe in Devils zone.
8:29 of 3rd period - Steve Downie is hit by Tyler Cuma and loses puck.
8:45 of 3rd period - Wrist shot by Kellan Lain.
8:45 of 3rd period - Stopped by Allen York with a rebound.
9:21 of 3rd period - Wrist shot by Frans Nielsen.
9:21 of 3rd period - Stopped by Keith Kinkaid with a rebound.
9:29 of 3rd period - Slapshot by Ryan Whitney.
9:29 of 3rd period - Shot Misses the Net.
9:31 of 3rd period - Wrist shot by Anthony Stewart.
9:31 of 3rd period - Stopped by Allen York with a rebound.
9:39 of 3rd period - Slapshot by Kellan Lain.
9:39 of 3rd period - Shot Misses the Net.
9:41 of 3rd period - Snap shot by Anthony Stewart.
9:41 of 3rd period - Shot Misses the Net.
10:16 of 3rd period - Snap shot by Greg Stewart.
10:16 of 3rd period - Shot Misses the Net.
10:40 of 3rd period - Wrist shot by Kellan Lain.
10:40 of 3rd period - Deflect By Darroll Powe.
10:40 of 3rd period - Stopped by Allen York with a rebound.
10:42 of 3rd period - Wrist shot by Darroll Powe.
10:42 of 3rd period - Stopped by Allen York without a rebound.
10:43 of 3rd period - Viktor Stalberg wins face-off versus Sidney Crosby in Canadiens zone.
10:43 of 3rd period - Viktor Stalberg is hit by Viktor Arvidsson.
10:49 of 3rd period - Evgeny Dadonov is hit by Viktor Arvidsson and loses puck.
10:56 of 3rd period - Snap shot by Artemi Panarin.
10:56 of 3rd period - Stopped by Allen York with a rebound.
11:31 of 3rd period - Snap shot by Tomas Plekanec.
11:31 of 3rd period - Stopped by Keith Kinkaid with a rebound.
11:33 of 3rd period - Slapshot by Vitaly Vishnevsky.
11:33 of 3rd period - Stopped by Keith Kinkaid with a rebound.
11:35 of 3rd period - Slapshot by Enver Lisin.
11:35 of 3rd period - Shot Misses the Net.
11:37 of 3rd period - Slapshot by Mark Stuart.
11:37 of 3rd period - Stopped by Keith Kinkaid without a rebound.
11:38 of 3rd period - Evgeny Dadonov wins face-off versus Sidney Crosby in Devils zone.
11:41 of 3rd period - Snap shot by Evgeny Dadonov.
11:41 of 3rd period - Shot Misses the Net.
11:43 of 3rd period - Wrist shot by Evgeny Dadonov.
11:43 of 3rd period - Shot Misses the Net.
11:45 of 3rd period - Snap shot by Pierre-Marc Bouchard.
11:45 of 3rd period - Shot Misses the Net.
12:48 of 3rd period - Dmitry Kulikov is hit by Pierre-Marc Bouchard and loses puck.
13:00 of 3rd period - Icing by Sidney Crosby.
13:01 of 3rd period - Gilbert Brule wins face-off versus Dustin Boyd in Devils zone.
13:51 of 3rd period - Minor Penalty to Charles Hudon for Holding Stick.
13:52 of 3rd period - Tomas Plekanec wins face-off versus Gilbert Brule in Canadiens zone.
14:06 of 3rd period - Tomas Plekanec is hit by Tyler Cuma and loses puck.
14:46 of 3rd period - Icing by Travis Hamonic.
14:47 of 3rd period - Tomas Plekanec wins face-off versus Sidney Crosby in Devils zone.
15:00 of 3rd period - Snap shot by Gilbert Brule.
15:00 of 3rd period - Shot Misses the Net.
15:02 of 3rd period - Slapshot by Travis Hamonic.
15:02 of 3rd period - Goal by Travis Hamonic - Canadiens : 5 - Devils : 2.
15:03 of 3rd period - Frans Nielsen wins face-off versus Sidney Crosby in neutral zone.
15:15 of 3rd period - Wrist shot by Viktor Arvidsson.
15:15 of 3rd period - Shot Misses the Net.
15:17 of 3rd period - Snap shot by Sidney Crosby.
15:17 of 3rd period - Stopped by Allen York with a rebound.
15:19 of 3rd period - Snap shot by Viktor Arvidsson.
15:19 of 3rd period - Shot Blocked by Mark Stuart.
15:33 of 3rd period - Wrist shot by Evgeny Dadonov.
15:33 of 3rd period - Deflect By Viktor Stalberg.
15:33 of 3rd period - Shot Blocked by Travis Hamonic.
15:33 of 3rd period - Puck is out of play.
15:34 of 3rd period - Pierre-Marc Bouchard wins face-off versus Gilbert Brule in Devils zone.
15:35 of 3rd period - Snap shot by Viktor Stalberg.
15:35 of 3rd period - Shot Misses the Net.
15:40 of 3rd period - Minor Penalty to Gilbert Brule for Hooking.
15:41 of 3rd period - Frans Nielsen wins face-off versus Kellan Lain in Devils zone.
15:51 of 3rd period - Slapshot by Dmitry Kulikov.
15:51 of 3rd period - Stopped by Allen York without a rebound.
15:52 of 3rd period - Anthony Stewart wins face-off versus Frans Nielsen in Canadiens zone.
16:01 of 3rd period - Wrist shot by Steve Downie.
16:01 of 3rd period - Shot Blocked by Kellan Lain.
16:03 of 3rd period - Slapshot by Vitaly Vishnevsky.
16:03 of 3rd period - Shot Misses the Net.
16:05 of 3rd period - Wrist shot by Steve Downie.
16:05 of 3rd period - Shot Misses the Net.
17:40 of 3rd period - Penalty to Gilbert Brule is over, Gilbert Brule is back on ice.
17:46 of 3rd period - Jaden Schwartz is hit by Colton Parayko.
18:09 of 3rd period - Tomas Plekanec is hit by Tyler Bozak and loses puck.
18:18 of 3rd period - Snap shot by Tomas Plekanec.
18:18 of 3rd period - Shot Blocked by Tyler Bozak.
18:32 of 3rd period - Sidney Crosby is hit by Raphael Diaz.
19:08 of 3rd period - Viktor Stalberg is hit by Tyler Bozak and loses puck.
19:47 of 3rd period - Darroll Powe is hit by Vitaly Vishnevsky and loses puck.
Goals for this period are 0 for Canadiens vs 1 for Devils.
Shots for this period are 11 for Canadiens vs 10 for Devils.
Back to the Top